 Dungeon Crawl Stone Soup version 0.29.0-13-gc9e81de378 (webtiles) character file.

Game seed: 7632157247831070227

1194 Ashen the Chiller (level 8, 60/60 HPs)
             Began as a Demonspawn Ice Elementalist on Sept 11, 2022.
             Was an Initiate of Vehumet.
             Got out of the dungeon alive.
             The game lasted 00:12:53 (8025 turns).

Ashen the Chiller (Demonspawn Ice Elementalist)     Turns: 8025, Time: 00:12:54

Health: 60/60      AC:  4    Str:  9    XL:     8   Next: 20%
Magic:  14/14      EV: 12    Int: 19    God:    Vehumet [......]
Gold:   41         SH:  0    Dex: 13    Spells: 8/15 levels left

rFire   . . .      SeeInvis .   f - +1 dagger (venom)
rCold   . . .      Faith    .   (no shield)
rNeg    . . .      Spirit   .   e - +0 leather armour
rPois   .          Reflect  .   (no helmet)
rElec   .          Harm     .   (cloak unavailable)
rCorr   .          Rampage  .   (no gloves)
Will    .....                   o - +0 pair of boots
Stlth   ++........              (no amulet)
HPRegen 0.20/turn               (no ring)
MPRegen 0.28/turn               (no ring)

@: no status effects
A: magic regeneration, weakness stinger 3
a: Renounce Religion


You escaped.
You worshipped Vehumet.
Vehumet was noncommittal.
You visited 2 branches of the dungeon, and saw 6 of its levels.

You collected 207 gold pieces.
You spent 166 gold pieces at shops.

Inventory:

Hand Weapons
 f - a +1 dagger of venom (weapon)
Armour
 a - a +0 robe
 e - a +0 leather armour (worn)
 o - a +0 pair of boots (worn)
Jewellery
 k - the ring of Mekhla Muom {rF++ rCorr Int-3 Dex+6}
   (You found it on level 3 of the Dungeon)

   [ring of resist corrosion]

   Int:       It affects your intelligence (-3).
   Dex:       It affects your dexterity (+6).
   rF:        It greatly protects you from fire.
   rCorr:     It protects you from acid and corrosion.
 p - a ring of wizardry
Scrolls
 c - 3 scrolls of vulnerability {unknown}
 h - 5 scrolls of identify {unknown}
 j - a scroll of blinking {unknown}
 m - a scroll of brand weapon {unknown}
 q - a scroll of teleportation
 r - a scroll of magic mapping {unknown}
 s - a scroll of immolation {unknown}
 t - a scroll of enchant armour {unknown}
 u - a scroll of silence {unknown}
Potions
 b - 2 potions of magic
 d - a potion of heal wounds
 g - a potion of ambrosia {unknown}
 i - a potion of attraction
 l - a potion of resistance {unknown}
 n - a potion of haste


   Skills:
 + Level 4.1 Fighting
 + Level 4.3 Dodging
 + Level 4.6 Stealth
 + Level 4.4 Spellcasting
 + Level 5.3 Ice Magic


You had 8 spell levels left.
You knew the following spells:

 Your Spells              Type           Power      Damage    Failure   Level
a - Freeze                Ice            96%        1d11      1%          1
b - Frozen Ramparts       Ice            48%        1d8       6%          3
c - Ozocubu's Armour      Ice            24%        N/A       6%          3

Your spell library contained the following spells:

 Spells                   Type           Power      Damage    Failure   Level
 Hailstorm                Conj/Ice       14%        3d5       52%         4


Dungeon Overview and Level Annotations

Branches:
Dungeon (5/15)             Temple (1/1) D:5

Altars:
Ashenzari
Cheibriados
Fedhas
Gozag
Hepliaklqana
Kikubaaqudgha
Makhleb
Nemelex Xobeh
Okawaru
Qazlal
Sif Muna
Trog
Uskayaw
Vehumet
Wu Jian
Xom
Yredelemnul

Shops:
D:4 *   D:5 ?

Annotations:
D:4 Dowan, Duvessa, Grinder


Innate Abilities, Weirdness & Mutations

You regenerate magic rapidly.
You have a sharp stinger which inflicts weakening toxins.


Message History

Press: ? - help, Shift-Dir - straight line, f/p - jelly
Aim: a jelly (almost dead, very poisoned)
You freeze the jelly.
You kill the jelly!
Vehumet accepts your kill.
Your icy armour cracks and falls away as you move.
h - 5 scrolls labelled YZIBYPSOCHI (gained 1)
Found a white marble altar of Elyvilon.
There is a stone staircase leading up here.
You climb upwards.
Level annotation: Dowan, Duvessa, Grinder
There is a stone staircase leading down here.
(D) Dungeon (T) Temple
Where to? (Enter - D:5 @ (x,y), ? - help)
What level of the Dungeon? (default 1, ? - help) Magic restored.
There is an open door here.
You open the door.
There is an open door here.
You see here a +0 war axe.
There is an open door here.
There is a stone staircase leading up here.
You climb upwards.
There is a stone staircase leading down here.
There is a stone staircase leading up here.
You climb upwards.
There is a stone staircase leading down, spattered with blood here.
There is a stone staircase leading up, spattered with blood here.
You see here a +0 club.
You climb upwards.
There is a stone staircase leading down here.
There is a stone staircase leading down here.
HP restored.
There is an open door here.
There is a staircase leading out of the dungeon here.
Unknown command.
Are you sure you want to leave the Dungeon?
This will make you lose the game!
Alright, then stay!
Are you sure you want to leave the Dungeon?
This will make you lose the game!
You have escaped!

............................#....
.................................
...............########.........>
##.....#.......### ######.....
##.....#.#######.# ##.#.......
##.....##.### #.# ###.##....).#
##.....###..####'####..###.......
.......# ###..'...'..### #.......
...##### ####.@.#### #.......
...# ###..'...'..### ###.....
..)# ##..####'####..## #.....
#### ##.### #.# ###.####...## #
#.## #.#######.......# # ###
#........).###### ############


There were no monsters in sight!

Vanquished Creatures
  A black bear (D:5)
  2 ogres
  A centaur (D:5)
  2 phantoms (D:4)
  A bullfrog (D:5)
  A necrophage (D:4)
  2 scorpions
  4 hounds (D:5)
  2 jellies
  4 iguanas
  An orc wizard (D:4)
  3 adders
  4 gnolls (D:3)
  2 dart slugs
  9 orcs
  7 endoplasms
  3 giant cockroaches
  7 goblins
  7 hobgoblins
  4 jackals (D:1)
  8 kobolds
  2 quokkas
  11 ball pythons
  2 bats
  4 frilled lizards (D:3)
  4 rats
98 creatures vanquished.

Vanquished Creatures (others)
  An endoplasm (D:3)
  5 fungi (D:3)
  7 plants
13 creatures vanquished.

Grand Total: 111 creatures vanquished

Notes
Turn   | Place    | Note
-------+----------+-------------------------------------------
     0 | D:1      | Ashen the Demonspawn Ice Elementalist began the quest for
                  | the Orb.
     0 | D:1      | Reached XP level 1. HP: 13/13 MP: 3/3
   404 | D:1      | Gained mutation: You have a small tail. [demonic ancestry]
   404 | D:1      | Reached XP level 2. HP: 16/20 MP: 1/5
  1029 | D:1      | Reached skill level 1 in Fighting
  1035 | D:1      | Reached XP level 3. HP: 26/26 MP: 2/6
  2309 | D:3      | Identified the ring of Mekhla Muom {rF++ rCorr Int-3 Dex+6}
  2945 | D:3      | Reached XP level 4. HP: 19/32 MP: 7/7
  2951 | D:3      | Found a basalt altar of Yredelemnul.
  2980 | D:2      | Learned a level 3 spell: Frozen Ramparts
  2984 | D:2      | Learned a level 3 spell: Ozocubu's Armour
  3074 | D:3      | Reached skill level 4 in Ice Magic
  3708 | D:3      | Found a faded altar of an unknown god.
  4047 | D:4      | Noticed a scorpion
  4058 | D:4      | Killed a scorpion
  4059 | D:4      | Reached XP level 5. HP: 17/38 MP: 5/9
  4577 | D:4      | Noticed a phantom
  4853 | D:4      | Gained mutation: You have a tail ending in a sharp stinger.
                  | [demonic ancestry]
  4853 | D:4      | Reached XP level 6. HP: 24/45 MP: 10/10
  5085 | D:4      | Found Jycoen's General Store.
  5093 | D:4      | Bought a potion of curing for 30 gold pieces
  5093 | D:4      | Bought a potion of haste for 100 gold pieces
  5901 | D:4      | Noticed Grinder
  6000 | D:4      | Noticed Duvessa
  6000 | D:4      | Noticed Dowan
  6042 | D:4      | Found a shimmering altar of Xom.
  6042 | D:4      | Found an ancient bone altar of Kikubaaqudgha.
  6054 | D:4      | Gained mutation: You regenerate magic rapidly. [demonic
                  | ancestry]
  6054 | D:4      | Reached XP level 7. HP: 21/52 MP: 12/12
  6064 | D:4      | Found a sparkling altar of Nemelex Xobeh.
  6066 | D:4      | Found a stormy altar of Qazlal.
  6067 | D:4      | Found a hide-covered altar of Uskayaw.
  6725 | D:5      | Entered Level 5 of the Dungeon
  6725 | D:5      | Found Qunyem's Magic Scroll Shop.
  6746 | D:5      | Reached skill level 5 in Ice Magic
  6945 | D:5      | Bought a scroll of teleportation for 36 gold pieces
  6965 | D:5      | Found a snail-covered altar of Cheibriados.
  6990 | D:5      | Found a radiant altar of Vehumet.
  7096 | D:5      | Became a worshipper of Vehumet
  7475 | D:5      | Gained mutation: You have a sharp stinger which inflicts
                  | weakening toxins. [demonic ancestry]
  7475 | D:5      | Reached XP level 8. HP: 60/60 MP: 8/14
  7499 | D:5      | Found a staircase to the Ecumenical Temple.
  7523 | Temple   | Entered the Ecumenical Temple
  8025 | D:$      | Got out of the dungeon alive.

Illustrated notes

Levels and vault maps discovered:
D:1:      dpeg_arrival_radiant, layout_basic, minmay_misc_feat_rows,
          chequers_serial_rivers_small_3, grunt_decor_cap
D:2:      layout_loops_ring
D:3:      layout_loops_ring, mainiacjoe_overflow_boulevard,
          shapermc_ecumenical_altar_mp_urbaneastern
D:4:      layout_loops_corners, chequers_temple_overflow_minitemple,
          serial_shops, shop_fountains, uniq_duvessa, uniq_grinder
D:5:      layout_rooms, gammafunk_temple_overflow_forgotten,
          mainiacjoe_overflow_catwalk_spiral, mainiacjoe_overflow_chevrons,
          minmay_temple_entry_butterflies, serial_shops, nicolae_stop_n_shop_2
Temple:   nicolae_temple_two_arcs

Skill      XL: |  1  2  3  4  5  6  7  8 |
---------------+-------------------------+-----
Stealth        | 2 3 4 |  4.6
Dodging        | 2 3 4 |  4.3
Fighting       | 1 2 3 4 |  4.1
Ice Magic      | 4 5 |  5.3
Spellcasting   | 3 4 |  4.4

Action                   |  1- 3 |  4- 6 |  7- 9 || total
-------------------------+-------+-------+-------++-------
Melee: Unarmed           |    10 |       |       ||    10
       Tailslap          |     2 |    18 |    24 ||    44
       Dagger            |    33 |   172 |   119 ||   324
       Punch             |     1 |     5 |       ||     6
 Cast: Freeze            |    52 |    18 |     3 ||    73
       Ozocubu's Armour  |       |    14 |    16 ||    30
       Frozen Ramparts   |       |     3 |     2 ||     5
  Use: Scroll            |       |     2 |       ||     2
       Potion            |       |     5 |       ||     5
 Stab: Sleeping          |     3 |     4 |     1 ||     8
Armor: Leather armour    |    17 |    46 |    54 ||   117
       Robe              |     2 |       |       ||     2
       Skin              |       |    13 |       ||    13
Dodge: Dodged            |    52 |    93 |    78 ||   223
